[Event "Elitserien 2019/2020, round 7-9"]
[Site "Elite stadshotellet, Kungsgatan 6, Vaxjo, Sweden"]
[Date "2020.10.18"]
[Round "3.6"]
[White "Trost, Edvin"]
[Black "Ahlander, Bjorn"]
[Result "0-1"]
[TimeControl "90 minutes for 40 moves + 30 minutes for the rest of the game + 30 seconds per move from move one."]
[WhiteTitle "CM"]
[BlackTitle "IM"]
[WhiteFideId "1729519"]
[BlackFideId "1700251"]
[WhiteElo "2111"]
[BlackElo "2418"]

1. d4 Nf6 2. c4 e6 3. Nf3 Bb4+ 4. Bd2 a5 5. g3 d6 6. Nc3 Nbd7 7. Bg2 e5 8. a3 Bxc3 9. Bxc3 Qe7 10.
e3 Ne4 11. Qc2 Nxc3 12. Qxc3 exd4 13. Qxd4 O-O 14. b4 axb4 15. axb4 c5 16. bxc5 dxc5 17. Qc3 Rxa1+ 18. Qxa1 Qe4 19.
Qc3 b5 20. cxb5 Qb1+ 21. Kd2 Qxb5 22. Rd1 Nf6 23. Ke1 Ba6 24. Qc2 Rb8 25. Ne5 g6 26. f4 c4 27. Kf2 c3 28. Rd3 Ng4+ 29.
Kg1 Qb1+ 0-1

[Event "Elitserien 2019/2020, round 7-9"]
[Site "Elite stadshotellet, Kungsgatan 6, Vaxjo, Sweden"]
[Date "2020.10.18"]
[Round "3.7"]
[White "Jogstad, Martin"]
[Black "Crevatin, Leo"]
[Result "1/2-1/2"]
[TimeControl "90 minutes for 40 moves + 30 minutes for the rest of the game + 30 seconds per move from move one."]
[WhiteTitle "FM"]
[BlackTitle "CM"]
[WhiteFideId "1715364"]
[BlackFideId "1726307"]
[WhiteElo "2302"]
[BlackElo "2247"]

1. d4 d5 2. c4 e6 3. Nf3 a6 4. e3 Nf6 5. b3 b6 6. Bd3 Bb7 7. O-O Nbd7 8. Bb2 Bd6 9. Nbd2 O-O 10.
Qe2 Ne4 11. Rfd1 Qe7 12. Rac1 Rfd8 13. Ne5 Nxd2 14. Rxd2 Nxe5 15. dxe5 Ba3 16. cxd5 Bxb2 17. Rxb2 exd5 18. Qc2 Qxe5 19.
Rbb1 c5 20. b4 c4 21. Bxh7+ Kh8 22. Qf5 Qxf5 23. Bxf5 g6 24. Bg4 b5 25. Bf3 Rab8 26. Rd1 d4 27. Rxd4 Rxd4 28. exd4 Bxf3 29.
gxf3 Rd8 30. Rd1 c3 31. d5 c2 32. Rc1 Rxd5 33. Rxc2 Rd3 34. Kg2 Ra3 35. Kg3 Kg7 36. Kf4 Ra4 37.
Rb2 a5 38. Ke5 axb4 39. Kd5 Ra3 40. Kc5 Rxf3 41. Kxb5 Rf4 42. h4 f5 43. Rxb4 Rxf2 44. a4 f4 45. a5 f3 46. Rb3 Kh6 47.
a6 Kh5 48. Kb6 Ra2 49. Rxf3 Kxh4 50. Rf4+ Kg3 51. Rf6 g5 52. Rf5 g4 53. Ra5 Rb2+ 54. Kc7 Rc2+ 55. Kd7 Rd2+ 56. Ke7 Rc2 57. Kd7 Rd2+ 58. Kc7 Rc2+ 59.
Kd7 1/2-1/2

[Event "Elitserien 2019/2020, round 7-9"]
[Site "Elite stadshotellet, Kungsgatan 6, Vaxjo, Sweden"]
[Date "2020.10.18"]
[Round "3.8"]
[White "Tuomainen, Felix"]
[Black "Dragicevic, Drazen"]
[Result "1/2-1/2"]
[TimeControl "90 minutes for 40 moves + 30 minutes for the rest of the game + 30 seconds per move from move one."]
[WhiteTitle "FM"]
[BlackTitle "FM"]
[WhiteFideId "1720813"]
[BlackFideId "1707922"]
[WhiteElo "2208"]
[BlackElo "2286"]

1. d4 d5 2. c4 e6 3. Nc3 a6 4. cxd5 exd5 5. Bf4 Nf6 6. e3 Bf5 7. Bd3 Bxd3 8. Qxd3 Bd6 9. Bg3 Nc6 10.
Nf3 Bxg3 11. hxg3 Qe7 12. Rc1 Rd8 13. O-O Ne4 14. Na4 Rd6 15. Nc5 Nd8 16. Qb3 c6 17. Nxe4 Qxe4 18. Ne5 h5 19.
Qd3 Qxd3 20. Nxd3 h4 21. gxh4 Rxh4 22. b4 Rdh6 23. f3 g5 24. Ne5 f5 25. a4 Nf7 26. Nxf7 Kxf7 27. Kf2 Ke7 28.
b5 axb5 29. axb5 Rh2 30. bxc6 bxc6 31. Ra1 f4 32. Rfe1 fxe3+ 33. Rxe3+ Kd6 34. Rc1 1/2-1/2

[Event "Elitserien 2019/2020, round 7-9"]
[Site "Elite stadshotellet, Kungsgatan 6, Vaxjo, Sweden"]
[Date "2020.10.18"]
[Round "3.9"]
[White "Hauge, Lars Oskar"]
[Black "Solodovnichenko, Yuri"]
[Result "0-1"]
[TimeControl "90 minutes for 40 moves + 30 minutes for the rest of the game + 30 seconds per move from move one."]
[WhiteTitle "IM"]
[BlackTitle "GM"]
[WhiteFideId "1509276"]
[BlackFideId "14104369"]
[WhiteElo "2493"]
[BlackElo "2574"]

1. f4 d5 2. Nf3 g6 3.
g3 Bg7 4. Bg2 Nf6 5. O-O O-O 6. d3 c6 7. e3 Qb6 8. Qe2 Bg4 9. Kh1 Nbd7 10. e4 dxe4 11. dxe4 e5 12. Nc3 exf4 13.
gxf4 Rae8 14. e5 Nh5 15. Be3 Qxb2 16. Ne4 Nxe5 17. Rab1 Nxf3 18. Rxb2 Nxh2 19. Qd3 Nxf1 20. Bd4 Be2 21.
Qc3 Rxe4 22. Bxg7 Re3 23. Qc5 Kxg7 24. Kg1 Rfe8 25. Rxb7 Rg3 26. Qd4+ Nf6 27. Kf2 Re6 28. f5 gxf5 29.
Bxf1 Rf3+ 30. Kg2 Rxf1 31. Qxa7 Nh5 32. Qd4+ Kh6 33. Rxf7 Rg6+ 34. Kh2 Bf3 35. Qd2+ f4 0-1

[Event "Elitserien 2019/2020, round 7-9"]
[Site "Elite stadshotellet, Kungsgatan 6, Vaxjo, Sweden"]
[Date "2020.10.18"]
[Round "3.10"]
[White "Lindberg, Bengt"]
[Black "Seo, Jung Min"]
[Result "1/2-1/2"]
[TimeControl "90 minutes for 40 moves + 30 minutes for the rest of the game + 30 seconds per move from move one."]
[WhiteTitle "IM"]
[BlackTitle "FM"]
[WhiteFideId "1700359"]
[BlackFideId "1734687"]
[WhiteElo "2401"]
[BlackElo "2448"]

1. e4 c6 2. d4 d5 3. Nc3 a6 4. Nf3 dxe4 5. Nxe4 Nf6 6. Nxf6+ exf6 7. c3 Bd6 8. Bd3 Bg4 9. Qe2+ Qe7 10.
Qxe7+ Bxe7 11. Nd2 Nd7 12. Nc4 a5 13. O-O O-O 14. Bf4 Be6 15. Rfe1 Rfd8 16. Bc7 Re8 17. a4 Bd8 18. Bg3 Be7 19.
Nd6 Bxd6 20. Bxd6 Nb6 21. Bc5 Nd7 22. b4 axb4 23. cxb4 Nxc5 24. dxc5 Red8 25. Bf1 Rd4 26. Reb1 Kf8 27.
a5 g6 28. f3 f5 29. b5 cxb5 30. Rxb5 Rd7 31. Kf2 Ke7 32. f4 Rc7 33. Rb6 Ra7 34. a6 bxa6 35. Rbxa6 Rxa6 36. Rxa6 Rxc5 37.
Ra1 Rc2+ 38. Kg1 h5 39. h4 Rd2 40. Re1 Kd6 41. Re3 Kc5 42. Rd3 Rb2 43. Rd1 Rc2 44. Bd3 Ra2 45. Bf1 Rb2 46.
Kh2 Bd5 47. Kg3 Rc2 48. Re1 Rc3+ 49. Kf2 Kd4 50. Be2 Rc2 51. Kg3 Rc3+ 52. Bf3 Be6 53. Rd1+ Kc5 54. Kf2 Rc4 55. Ke3 Rc2 56.
Ra1 Kd6 57. Ra6+ Ke7 58. Ra7+ Kf6 59. Ra1 Kg7 60. Kd3 Rb2 61. Ke3 Rb4 62. Rc1 Ra4 63. Rb1 Ra7 64. Kf2 Bc4 65. Rb4 Ra2+ 66.
Ke3 Bf1 67. g3 Ra5 68. Rd4 Bb5 69.
Rb4 Bd7 70. Rd4 Be6 71. Kf2 Ra2+ 72. Ke3 Kf6 73. Rd2 Ra1 74. Rd1 Ra7 75. Rd2 Bc4 76. Rd4 Bf1 77. Rd1 Bh3 78. Rd6+ Kg7 79.
Rb6 Bg4 80. Bxg4 fxg4 81. Kf2 Ra2+ 82. Kg1 Re2 83. Ra6 Kf8 84. Ra7 Ke8 85. Rb7 Rd2 86. Ra7 Rd7 87. Ra5 Rd3 88. Kg2 f5 89.
Ra6 Kf7 90. Rb6 Re3 91. Ra6 Re6 92. Ra2 Ke7 93. Kf2 Kd6 94. Ra6+ Kd5 95. Ra5+ Kc4 96. Ra4+ Kb5 97. Ra1 Re4 98.
Ra8 Rd4 99. Rg8 Rd2+ 100. Kf1 Rd6 101. Ke2 Kc4 102. Ra8 Rb6 103. Rc8+ Kd5 104. Rd8+ Rd6 105. Ra8 Ke4 106. Ra4+ Rd4 107.
Ra3 Rc4 108. Re3+ Kd4 109. Rd3+ Kc5 110. Rd2 Rc3 111. Kf2 Kc4 112. Rd6 Rc2+ 113. Kf1 Kc5 114. Rd8 Ra2 115. Rd7 Kc4 116.
Rd6 Kc5 117. Rd8 Rb2 118. Rd7 Rb6 119. Rd1 Rb4 120. Rd3 Rd4 121. Rc3+ Kd5 122. Re3 Rd2 123. Re8 Kd4 124. Re7 Kd3 125.
Re8 Ra2 126. Re7 Ra4 127. Kf2 Ra2+ 128. Kf1 Rc2 129. Re6 Rc4 130. Kf2 Rc2+ 131. Kf1 Rb2 132. Re7 Rh2 133. Re6 Ra2 134.
Re7 Ra4 135. Kf2 Ra6 136. Re8 Ra2+ 137. Kf1 Ra4 1/2-1/2

[Event "Elitserien 2019/2020, round 7-9"]
[Site "Elite stadshotellet, Kungsgatan 6, Vaxjo, Sweden"]
[Date "2020.10.18"]
[Round "3.11"]
[White "Westerberg, Jonathan"]
[Black "Golubka, Petro"]
[Result "1/2-1/2"]
[TimeControl "90 minutes for 40 moves + 30 minutes for the rest of the game + 30 seconds per move from move one."]
[WhiteTitle "IM"]
[BlackTitle "GM"]
[WhiteFideId "1701754"]
[BlackFideId "14114224"]
[WhiteElo "2556"]
[BlackElo "2490"]

1. Nf3 b6 2. g3 Bb7 3. Bg2 g6 4. O-O Bg7 5. c4 f5 6. d4 Nf6 7. Nc3 Ne4 8. Nxe4 Bxe4 9. Ng5 Bxg2 10.
Kxg2 O-O 11. Nf3 Nc6 12. Bf4 Nxd4 13. Nxd4 e5 14. Nxf5 Rxf5 15. Qd5+ Kh8 16. e4 Rxf4 17. gxf4 exf4 18.
Rad1 d6 19. Rd2 Be5 20. f3 a5 21. a4 Qg5+ 22. Kh1 Rf8 23. Qe6 Kg7 24. Rg2 Qh5 25. b3 Rf7 26. Rd2 Rf6 1/2-1/2

[Event "Elitserien 2019/2020, round 7-9"]
[Site "Elite stadshotellet, Kungsgatan 6, Vaxjo, Sweden"]
[Date "2020.10.18"]
[Round "3.12"]
[White "Rydstrom, Tom"]
[Black "Lokander, Martin"]
[Result "0-1"]
[TimeControl "90 minutes for 40 moves + 30 minutes for the rest of the game + 30 seconds per move from move one."]
[WhiteTitle "FM"]
[BlackTitle "IM"]
[WhiteFideId "1714830"]
[BlackFideId "1709569"]
[WhiteElo "2248"]
[BlackElo "2399"]

1. e4 e5 2. Nf3 Nc6 3. Bc4 Bc5 4.
d3 Nf6 5. Nbd2 d6 6. c3 a6 7. Bb3 Ba7 8. Nf1 Ne7 9. Ng3 Ng6 10. O-O O-O 11. Re1 c6 12. h3 h6 13. d4 Qc7 14.
dxe5 dxe5 15. Be3 Bxe3 16. fxe3 Bd7 17. Rf1 c5 18. Nd2 Qc6 19. Nh5 Nxh5 20. Bd5 Qd6 21. Qxh5 Bc6 22. Nc4 Qe7 23.
Rf5 Bxd5 24. exd5 Rae8 25. Rd1 b5 26. d6 Qe6 27. d7 Rd8 28. Nxe5 Ne7 29. Rf2 g6 30. Nxg6 Nxg6 31. Qxh6 Rxd7 32.
Rxd7 Qxd7 33. h4 Qd1+ 34. Rf1 Qg4 35. h5 Nh4 36. Rf2 Rd8 37. Qf4 Rd1+ 38. Kh2 Qxh5 39. Kg3 Qg6+ 40. Kh2 Qd6 41. Qxd6 Rxd6 42. Kg3 Ng6 43. Rf5 Rc6 44. Kf2 f6 45. g4 Ne7 46. Rh5 Kf7 47. Kf3 Kg6 48. Rh8 Rc8 49.
Rh1 Rd8 50. Ke2 Nc6 51. a4 Na5 52. axb5 axb5 53. Rh5 Nb3 54. Ke1 Rd3 0-1

[Event "Elitserien 2019/2020, round 7-9"]
[Site "Elite stadshotellet, Kungsgatan 6, Vaxjo, Sweden"]
[Date "2020.10.18"]
[Round "3.13"]
[White "Arman, Deniz"]
[Black "Alle Wahlin, Ambjorn"]
[Result "1/2-1/2"]
[TimeControl "90 minutes for 40 moves + 30 minutes for the rest of the game + 30 seconds per move from move one."]
[WhiteTitle "FM"]
[WhiteFideId "6302106"]
[BlackFideId "1714805"]
[WhiteElo "2318"]
[BlackElo "2257"]

1. e4 g6 2. d4 Bg7 3. Nf3 d6 4. Bd3 Nf6 5. O-O O-O 6. c3 Nbd7 7. Nbd2 e5 8. Re1 b6 9. Nf1 Bb7 10.
Ng3 Re8 11. a4 d5 12. Bg5 h6 13. Bxf6 Bxf6 14. exd5 exd4 15. cxd4 Bxd5 16. Be4 Nf8 17. Qd3 Bg7 18. h4 h5 19.
Rad1 Qd6 20. Ng5 Bxe4 21. N3xe4 Qd7 22. b3 Ne6 23. d5 Nc5 24. Nxc5 Rxe1+ 25.
Rxe1 bxc5 26. Qc4 Bd4 27. Nf3 Qg4 28. Nxd4 Qxd4 29. Qxd4 cxd4 30. Rd1 Rb8 31. Rxd4 Rxb3 32. Rc4 Rb1+ 33.
Kh2 Ra1 34. Rxc7 Rxa4 35. g3 a5 1/2-1/2

[Event "Elitserien 2019/2020, round 7-9"]
[Site "Elite stadshotellet, Kungsgatan 6, Vaxjo, Sweden"]
[Date "2020.10.18"]
[Round "3.14"]
[White "Lundstedt, Peter"]
[Black "Ertan, Can"]
[Result "1/2-1/2"]
[TimeControl "90 minutes for 40 moves + 30 minutes for the rest of the game + 30 seconds per move from move one."]
[BlackTitle "IM"]
[WhiteFideId "1718444"]
[BlackFideId "6306330"]
[WhiteElo "2088"]
[BlackElo "2387"]

1. d4 Nf6 2. Nf3 e6 3. g3 b5 4. Bg2 Bb7 5. O-O c5 6. Bg5 h6 7. Bxf6 Qxf6 8. Nc3 a6 9. e4 b4 10.
e5 Qd8 11. Na4 cxd4 12. Qxd4 d5 13. exd6 Qxd6 14. Qe3 Qc7 15. Rfd1 Nd7 16. c3 Nc5 17. Nxc5 Bxc5 18. Qe1 Qa5 19.
cxb4 Bxb4 20. Qe5 O-O 21. Qxa5 Bxa5 22. Ne5 Bxg2 23. Kxg2 Rac8 24. Rac1 Rc7 25. Nc6 Bb6 26. b4 Kh7 27.
Ne5 Rxc1 28. Rxc1 Bd4 29. Nd7 Ra8 30. Rc4 e5 31. Rc7 Kg6 32. Nc5 Bxc5 33. Rxc5 Kf5 34. Kf3 h5 35. h3 Ke6 36.
Ra5 Rc8 37. Rxa6+ Kd5 38. Ra5+ Kd4 39. Rc5 Ra8 40. Rc2 Ra3+ 41. Ke2 Ra4 42. Rd2+ Kc4 43. Rd7 Rxa2+ 44. Ke3 f5 45. Rxg7 Kxb4 46.
Rg5 Ra3+ 47. Ke2 f4 48. gxf4 exf4 49. Rxh5 f3+ 50. Kd2 Kc4 51. Rh4+ Kc5 52. Re4 Kd5 53. Rb4 Kc5 54. Rg4 Kd5 55.
h4 Ke5 56. h5 Ra2+ 57. Ke3 Ra3+ 1/2-1/2

[Event "Elitserien 2019/2020, round 7-9"]
[Site "Elite stadshotellet, Kungsgatan 6, Vaxjo, Sweden"]
[Date "2020.10.18"]
[Round "3.15"]
[White "Kassani, Sam"]
[Black "Olofsson-Dolk, Mattis"]
[Result "1-0"]
[TimeControl "90 minutes for 40 moves + 30 minutes for the rest of the game + 30 seconds per move from move one."]
[WhiteFideId "1709089"]
[BlackFideId "1715178"]
[WhiteElo "2226"]
[BlackElo "2218"]

1. d4 Nf6 2. Bf4 g6 3. e3 Bg7 4. Nf3 O-O 5. Be2 d6 6. h3 c5 7. c3 b6 8. O-O Bb7 9. Nbd2 Nbd7 10.
Re1 Rc8 11. Bf1 Rc7 12. a4 a6 13. Bh2 Qa8 14. Qb3 h6 15. Rad1 Rcc8 16. Qa2 Bc6 17. Nh4 Kh7 18. c4 d5 19.
e4 Nxe4 20. Nxe4 dxe4 21. d5 Bb7 22. Rxe4 e6 23. Ree1 exd5 24. cxd5 Bd4 25. Re7 Bf6 26. Rxd7 Bxh4 27. d6 c4 28.
g3 Bf6 29. Bxc4 Bc6 30. Rc7 Rxc7 31. dxc7 Be5 32. Bxf7 Bxc7 33. Qe6 Be4 34. Rd7 Rd8 35. Bxg6+ 1-0

[Event "Elitserien 2019/2020, round 7-9"]
[Site "Elite stadshotellet, Kungsgatan 6, Vaxjo, Sweden"]
[Date "2020.10.18"]
[Round "3.16"]
[White "Lindahl, Emil"]
[Black "Olund, Joar"]
[Result "0-1"]
[TimeControl "90 minutes for 40 moves + 30 minutes for the rest of the game + 30 seconds per move from move one."]
[BlackTitle "FM"]
[WhiteFideId "1713116"]
[BlackFideId "1714848"]
[WhiteElo "2179"]
[BlackElo "2322"]

1. d4 d5 2. c4 dxc4 3. Nc3 Nf6 4.
e3 e6 5.
Bxc4 c5 6. Nf3 a6 7. a4 Nc6 8. O-O Be7 9. b3 O-O 10. Bb2 cxd4 11. exd4 Nb4 12. Qe2 Bd7 13. Ne5 Bc6 14. Nxc6 bxc6 15.
Rfd1 a5 16. Rac1 Ra7 17. Ne4 Nxe4 18. Qxe4 Rd7 19. Ba3 Nd5 20. Bxe7 Nxe7 21. Rd3 Rd6 22. Rcd1 Nf5 23. Qe5 Qc7 24.
d5 cxd5 25. Bxd5 Qc2 26. g4 Rxd5 27. Rxd5 exd5 28. Rxd5 Nh4 29. Kf1 Qxb3 30. Qg5 0-1

[ePGN "0.1;DGT LiveChess/2.2.5"]

[Event "Elitserien 2019/2020, round 7-9"]
[Site "Elite stadshotellet, Kungsgatan 6, Vaxjo, Sweden"]
[Date "2020.10.16"]
[Round "1.1"]
[White "Miezis, Normunds"]
[Black "Heberla, Bartlomiej"]
[Result "1/2-1/2"]
[TimeControl "90 minutes for 40 moves + 30 minutes for the rest of the game + 30 seconds per move from move one."]
[WhiteTitle "GM"]
[BlackTitle "GM"]
[WhiteFideId "11600136"]
[BlackFideId "1115120"]
[WhiteElo "2484"]
[BlackElo "2564"]

1. c4 e6 2. e4 d5 3. exd5 exd5 4. d4 Nf6 5. Nc3 Bb4 6. Bd3 O-O 7. Nge2 dxc4 8. Bxc4 Nc6 9. O-O h6 10.
Bf4 Bf5 11. d5 Ne7 12. Rc1 a6 13. Qd4 c5 14. dxc6 Nxc6 15. Qxd8 Rfxd8 16. Rfd1 Na5 17. Bd5 Nxd5 18. Nxd5 Nc6 19.
a3 Bf8 20. Ng3 Be6 21. Nc7 Bb3 22. Re1 Rac8 23. Rc3 Ba2 24. h4 Rd4 25. Re4 Rd1+ 26. Kh2 g5 27. hxg5 hxg5 28. Bxg5 Rxc7 29.
Bf6 Be6 30. Nf5 Bxf5 31. Rg3+ Bg6 32. Rh3 Bd6+ 33. f4 Bh7 34. Re8+ Bf8 35. Rg3+ Bg6 36. Rh3 Bh7 1/2-1/2

[Event "Elitserien 2019/2020, round 7-9"]
[Site "Elite stadshotellet, Kungsgatan 6, Vaxjo, Sweden"]
[Date "2020.10.16"]
[Round "1.2"]
[White "Gdanski, Jacek"]
[Black "Akesson, Ralf"]
[Result "1/2-1/2"]
[TimeControl "90 minutes for 40 moves + 30 minutes for the rest of the game + 30 seconds per move from move one."]
[WhiteTitle "GM"]
[BlackTitle "GM"]
[WhiteFideId "1100106"]
[BlackFideId "1700120"]
[WhiteElo "2482"]
[BlackElo "2379"]

1. e4 e6 2. d4 d5 3. Nc3 dxe4 4. Nxe4 Bd7 5. c4 Bc6 6. Nc3 Nf6 7. Nf3 Bxf3 8. Qxf3 c6 9. Be3 Nbd7 10.
Bd3 g6 11. O-O Bg7 12. Rfd1 O-O 13. Bf1 Re8 14. b4 a6 15. Rac1 Qe7 16. a3 Rac8 17. h3 b5 18. d5 Ne5 19.
Qf4 exd5 20. cxd5 cxd5 21. Nxd5 Nxd5 22. Rxd5 Rxc1 23. Bxc1 1/2-1/2

[Event "Elitserien 2019/2020, round 7-9"]
[Site "Elite stadshotellet, Kungsgatan 6, Vaxjo, Sweden"]
[Date "2020.10.16"]
[Round "1.3"]
[White "Sjodahl, Pontus"]
[Black "Gajic, Mladen"]
[Result "0-1"]
[TimeControl "90 minutes for 40 moves + 30 minutes for the rest of the game + 30 seconds per move from move one."]
[WhiteTitle "IM"]
[BlackTitle "FM"]
[WhiteFideId "1700537"]
[BlackFideId "1709178"]
[WhiteElo "2430"]
[BlackElo "2295"]

1. d4 e6 2. c4 f5 3. g3 Nf6 4. Bg2 Be7 5. Nf3 d5 6. O-O Ne4 7. cxd5 exd5 8. Ne5 Nd7 9. f3 Nd6 10.
Nc3 c6 11. b3 Nxe5 12. dxe5 Nf7 13. f4 h5 14. h4 Nh6 15. Qd3 Ng4 16. Nd1 Qb6+ 17. e3 Be6 18. Nf2 Rd8 19. Nxg4 hxg4 20.
Bd2 Rd7 21. b4 a6 22. Bc3 O-O 23. Rfb1 Qa7 24. a4 c5 25. bxc5 Bxc5 26. Bd4 Rc8 27. Rb4 b6 28. Rb2 Rdc7 29.
Bf1 a5 30. Rab1 Bb4 31. Qb5 Rc6 32. Rd1 Qb7 33. Qa6 Qxa6 34. Bxa6 Rc1 35. Rf1 Rxf1+ 36. Kxf1 Rc1+ 37. Ke2 Bd7 38.
Bb7 Bc6 39. Bxc6 Rxc6 40. Kd3 g6 41. Rb1 Kf7 42. Rh1 Be7 43. h5 gxh5 44. Rxh5 Ke6 45. Bxb6 Rc4 46. Rh6+ Kd7 47. Bxa5 Rxa4 48.
Bb6 Bb4 49. Rf6 Ra2 50. e4 fxe4+ 51. Kd4 Rd2+ 52. Ke3 Rd3+ 53. Ke2 d4 54. Bxd4 Rxd4 55. f5 Be7 56. Rg6 Rd5 57. Rg7 Ke8 58.
f6 Bf8 59. Rxg4 Rxe5 60. Ke3 Bc5+ 61. Kf4 Bd4 62. Rg8+ Kf7 63. Rd8 Bb2 64. Rb8 e3 65. Rxb2 e2 66. Kxe5 e1=Q+ 67. Kd4 Qxg3 68. Re2 Kxf6 69. Re3 Qf2 70.
Ke4 Kg5 71. Rd3 Qc2 72. Kd4 Kf4 73. Rc3 Qe4+ 74. Kc5 Ke5 75. Kb5 Qb7+ 76. Kc4 Ke4 77. Kc5 Qc7+ 78. Kb4 Qb6+ 79. Kc4 Qa5 80.
Rc2 Qa4+ 81. Kc3 Qd4+ 82. Kb3 Kd3 83. Rb2 Qe5 84. Ka2 Kc3 85. Kb1 Qe4+ 86. Ka1 Qh1+ 87. Ka2 Qd1 88. Rh2 Qa4+ 89.
Kb1 Qb5+ 90. Ka1 Qa6+ 0-1

[Event "Elitserien 2019/2020, round 7-9"]
[Site "Elite stadshotellet, Kungsgatan 6, Vaxjo, Sweden"]
[Date "2020.10.16"]
[Round "1.4"]
[White "Ornstein, Axel"]
[Black "Pantzar, Milton"]
[Result "0-1"]
[TimeControl "90 minutes for 40 moves + 30 minutes for the rest of the game + 30 seconds per move from move one."]
[WhiteTitle "IM"]
[BlackTitle "IM"]
[WhiteFideId "1700111"]
[BlackFideId "1721003"]
[WhiteElo "2284"]
[BlackElo "2406"]

1. d4 d5 2. c4 e6 3. Nc3 a6 4. cxd5 exd5 5. Bf4 Nf6 6. e3 Bd6 7. Nge2 O-O 8. Qc2 Re8 9. Bg5 c6 10.
Ng3 h6 11. Bxf6 Qxf6 12. O-O-O b5 13. Kb1 a5 14. e4 Bxg3 15. hxg3 dxe4 16. Nxe4 Rxe4 17. Bxb5 Be6 18. Bc4 Nd7 19.
f3 Rxd4 20. Rxd4 Qxd4 21. Bxe6 fxe6 22. Rd1 Qa7 23. Qxc6 Nf8 24. Rc1 Rd8 25. Rc5 Rd1+ 26. Kc2 Rg1 27. f4 Qf7 28. Qf3 a4 29.
g4 Qg6+ 30. f5 Qg5 31. Kd3 exf5 32. Rxf5 Qd8+ 33. Kc2 Ne6 0-1

[Event "Elitserien 2019/2020, round 7-9"]
[Site "Elite stadshotellet, Kungsgatan 6, Vaxjo, Sweden"]
[Date "2020.10.16"]
[Round "1.5"]
[White "Norberg, Erik"]
[Black "Vernersson, Per"]
[Result "1-0"]
[TimeControl "90 minutes for 40 moves + 30 minutes for the rest of the game + 30 seconds per move from move one."]
[WhiteTitle "CM"]
[WhiteFideId "1707965"]
[BlackFideId "1700863"]
[WhiteElo "2241"]
[BlackElo "2264"]

1. g3 d5 2. Bg2 Nf6 3. Nf3 e6 4. O-O Be7 5. b3 O-O 6. Bb2 Nbd7 7. c4 c6 8. d4 Ne4 9. Ne1 f5 10.
Nd3 Qe8 11. Nd2 Bd6 12. Ne5 Nxe5 13. dxe5 Bc5 14. Rc1 Qe7 15. e3 a5 16. Qc2 b6 17. Nf3 Ba6 18. Nd4 Rac8 19. Rfd1 Rfd8 20.
Qe2 a4 21. Qh5 g6 22. Qh6 Re8 23. h4 Qf7 24. Qf4 Be7 25. Qf3 Bf8 26. Qe2 Bg7 27. Nf3 Qe7 28. Qe1 Red8 29. Bf1 axb3 30.
cxd5 Bxf1 31. d6 Qa7 32. Qxf1 Nxd6 33. axb3 Nf7 34. Qc4 Re8 35. Rd2 Qc7 36. Rcd1 Rcd8 37. Rxd8 Nxd8 38. Ng5 h6 39.
Nf3 Nf7 40. Kg2 Bf8 41. g4 b5 42. Qf4 Rd8 43. Rg1 Qe7 44. gxf5 gxf5 45. Kh3+ Bg7 46. Nd4 Ra8 47. Nxc6 Qd7 48.
Nd4 Nd8 49. Qxh6 Ra2 50. Bc3 Rxf2 51. Ba5 Rf1 52. Rxg7+ Qxg7 53. Qxg7+ Kxg7 54. Bxd8 Kf7 55. Nxb5 Rf3+ 56. Kg2 Rxe3 57.
Nd6+ Kg6 58. b4 Rxe5 59. b5 Rd5 60. Bc7 Kh5 61. b6 Kxh4 62. b7 Rd2+ 63. Kf3 Rb2 64. b8=Q Rxb8 65. Bxb8 Kg5 66.
Nc4 Kf6 67. Kf4 Ke7 68. Kg5 Kd7 69. Kf6 Kc6 70. Kxe6 f4 71. Bxf4 Kc5 72. Nd6 Kd4 73. Be5+ Kc5 74. Bc3 Kc6 75.
Bd4 Kc7 76. Kd5 Kd7 77. Nf5 Kc7 78. Bc5 Kd7 79. Bb6 Kc8 80. Kc6 Kb8 81. Nd4 Kc8 82. Ne6 Kb8 83. Nc7 Kc8 84. Ba7 Kd8 85.
Nd5 Ke8 86. Kd6 Kf7 87. Ne7 Kg7 88. Be3 Kf6 89. Bf4 Kf7 90. Be5 1-0

[Event "Elitserien 2019/2020, round 7-9"]
[Site "Elite stadshotellet, Kungsgatan 6, Vaxjo, Sweden"]
[Date "2020.10.16"]
[Round "1.6"]
[White "Rothen, Hakan"]
[Black "Norberg, Johan"]
[Result "1-0"]
[TimeControl "90 minutes for 40 moves + 30 minutes for the rest of the game + 30 seconds per move from move one."]
[WhiteTitle "FM"]
[BlackTitle "CM"]
[WhiteFideId "1700723"]
[BlackFideId "1707965"]
[WhiteElo "2252"]
[BlackElo "2304"]

1. d4 d6 2. c4 e5 3. Nc3 exd4 4. Qxd4 Nc6 5. Qd2 g6 6. b3 Bg7 7. Bb2 f5 8. g3 Nf6 9. Bg2 O-O 10.
Nh3 Be6 11. Nf4 Bf7 12. O-O-O a5 13. Nfd5 Nd7 14. Nb5 Bxd5 15. Bxd5+ Kh8 16. Bxc6 bxc6 17. Nd4 Qe8 18. Nxc6 a4 19.
b4 Nf6 20. b5 a3 21. Bd4 Ne4 22. Bxg7+ Kxg7 23. Qd4+ Rf6 24. Rd3 Ra4 25. Kb1 d5 26. Rc1 dxc4 27. Re3 Qa8 28. Ka1 c3 29.
Qe5 Nd6 30. Qxc3 Rc4 31. Re7+ Kg8 32. Qb3 Qa4 33. Rxc4 Qxc4 34. Qxc4+ Nxc4 35. Rxc7 Rd6 36. Kb1 Rd2 37. Ne7+ Kf8 38.
Rxc4 Kxe7 39. Rc3 Rb2+ 40. Ka1 Kd6 41. Rxa3 Rxe2 42. f4 Rxh2 43. Rc3 Re2 44. Kb1 Kd7 45. b6 Re6 46. b7 Rb6+ 47.
Rb3 Rxb3+ 48. axb3 Kc7 49. Kc2 h6 50. Kd3 g5 51. Kd4 gxf4 52. gxf4 h5 53. Ke3 Kxb7 54. Kf3 Kc6 55. Kg3 Kd5 56.
b4 Kc4 57. Kh4 Kxb4 58. Kxh5 Kc5 59. Kg5 1-0

[Event "Elitserien 2019/2020, round 7-9"]
[Site "Elite stadshotellet, Kungsgatan 6, Vaxjo, Sweden"]
[Date "2020.10.16"]
[Round "1.7"]
[White "Carlsson, Ludvig"]
[Black "Thornert, Hakan"]
[Result "1/2-1/2"]
[TimeControl "90 minutes for 40 moves + 30 minutes for the rest of the game + 30 seconds per move from move one."]
[WhiteTitle "CM"]
[WhiteFideId "1727010"]
[BlackFideId "1703749"]
[WhiteElo "2199"]
[BlackElo "2175"]

1. d4 Nf6 2. c4 g6 3. Nf3 Bg7 4. Nc3 d5 5. Bf4 O-O 6. e3 c5 7. dxc5 Qa5 8. Rc1 Rd8 9. Qa4 Qxc5 10.
b4 Qc6 11. b5 Qc5 12. Qb3 Be6 13. Nd4 Nbd7 14. Nxe6 fxe6 15. Na4 Qc8 16. c5 Ne4 17. Qa3 e5 18. Bg3 Qc7 19. Qb4 Rac8 20. c6 e6 21. Bd3 Bf8 22.
Qb2 Qa5+ 23. Ke2 Qxa4 24. cxd7 Rxc1 25. Rxc1 Nxg3+ 26. hxg3 e4 27. Bb1 Rxd7 28. Qb3 Qxb3 29. axb3 Kf7 30.
Rc8 Bd6 31. g4 Rc7 32. Rxc7+ Bxc7 33. f3 exf3+ 34. Kxf3 Kf6 35. Bd3 Ke5 36. Ke2 Kd6 37. Kd2 Kc5 38. Kc3 Be5+ 39. Kc2 Kb4 40.
Be2 Bg3 41. Bd3 Bf2 42. e4 Kc5 43. exd5 exd5 44. Be2 Kd4 45. Bf3 b6 46. Kd2 Bg3 47. Kc2 Bf4 48. Kd1 Kc5 49. Be2 Kd4 50.
Bf3 Bd6 51. Kc2 Bc5 52. Kd2 Ke5 53. Kd3 Bg1 54. Ke2 d4 55. Kf1 Be3 56. Ke2 Kf4 57. Kd3 Kg3 58. Ke2 Bc1 59. Kd3 Bb2 60.
Ke2 Bc3 61. Kd3 Kf2 62. Bd5 Kg3 63. Bf3 Kf4 64. Ke2 Ke5 65. Kd3 Kd6 66. Kc4 Ba1 67. Be2 Ke5 68. Bf3 Kf4 69. Kd3 Bc3 70.
Ke2 Kg3 71. Kd3 Kf4 72. Ke2 Ke5 73. Bb7 Kf4 74. Bf3 Ba1 75. Kd3 Bc3 76. Ke2 Ba1 77. Kd3 Bc3 78. Ke2 Ba1 1/2-1/2